| TOP OF THE 1ST |
|
Houston Astros batting - Pitching for Detroit Tigers : LHP Momosuke Sato
|
|
Pitching: LHP Momosuke Sato
|
|
|
Batting: RHB Chang-wei Jiang
|
0-0: Ball 1-0: Called Strike 1-1: Ball 2-1: Ground out U3 (Groundball, 34S, EV 92.5 MPH)
|
|
Batting: RHB Josh Froyd
|
0-0: Ball 1-0: Ground out 6-3 (Groundball, 6, EV 86.9 MPH)
|
|
Batting: RHB Chris Lane
|
0-0: Ball 1-0: Called Strike 1-1: Ball 2-1: Foul Ball, location: 2F 2-2: Ball 3-2: Base on Balls
|
|
Batting: LHB Shigeru Ono
|
0-0: Ball 1-0: Ball 2-0: Called Strike 2-1: Foul Ball, location: 2F 2-2: Ball 3-2: Foul Ball, location: 2F 3-2: Foul Ball, location: 2F 3-2: Base on Balls Chris Lane to second
|
|
Batting: RHB Jeremy Trump
|
0-0: Called Strike 0-1: Ball 1-1: Called Strike 1-2: Strikes out looking
|
| Top of the 1st over - 0 runs, 0 hits, 0 errors, 2 left on base; Houston 0 - Detroit 0 |
| BOTTOM OF THE 1ST |
|
Detroit Tigers batting - Pitching for Houston Astros : LHP Brian Thomas
|
|
Pitching: LHP Brian Thomas
|
|
|
Batting: RHB Adrian Novakovic
|
0-0: Ball 1-0: Ball 2-0: Foul Ball, location: 2F 2-1: Foul Ball, location: 2F 2-2: Foul Ball, location: 2F 2-2: Ball 3-2: Foul Ball, location: 2F 3-2: Ground out 6-3 (Groundball, 56, EV 103.1 MPH)
|
|
Batting: SHB Ross Holland
|
0-0: SINGLE (Line Drive, 4D, EV 100.6 MPH)
|
|
Batting: RHB Dave Reynolds
|
0-0: Ball 1-0: Called Strike 1-1: Ball Ross Holland steals 2nd base 2-1: Foul Ball, location: 2F 2-2: SINGLE (Groundball, 56D, EV 109.4 MPH) Ross Holland to third Runner from 3rd tries for Home, throw by LF and OUT! 7-2
|
|
Batting: RHB Jim Zucco
|
0-0: Ball 1-0: Ball 2-0: Ball 3-0: Called Strike 3-1: Called Strike 3-2: Base on Balls Dave Reynolds to second
|
|
Batting: RHB Greg Harman
|
0-0: Ball 1-0: Ball 2-0: Called Strike 2-1: Swinging Strike 2-2: Ball 3-2: Strikes out swinging
|
| Bottom of the 1st over - 0 runs, 2 hits, 0 errors, 2 left on base; Houston 0 - Detroit 0 |
| TOP OF THE 2ND |
|
Houston Astros batting - Pitching for Detroit Tigers : LHP Momosuke Sato
|
|
Batting: SHB Joe Gardner
|
0-0: Fly out, F8 (Flyball, 8RD, EV 103.1 MPH)
|
|
Batting: RHB Antonio Aranda
|
0-0: Called Strike 0-1: Foul Ball, location: 2F 0-2: Ball 1-2: Strikes out swinging
|
|
Batting: LHB Bryce Hill
|
0-0: Called Strike 0-1: Ball 1-1: Called Strike 1-2: Ground out 4-3 (Groundball, 34D, EV 110.0 MPH)
|
| Top of the 2nd over - 0 runs, 0 hits, 0 errors, 0 left on base; Houston 0 - Detroit 0 |
| BOTTOM OF THE 2ND |
|
Detroit Tigers batting - Pitching for Houston Astros : LHP Brian Thomas
|
|
Batting: RHB Ryan Neal
|
0-0: SOLO HOME RUN (Flyball, 78XD, EV 97.5 MPH), Distance : 405 ft
|
|
Batting: LHB Brad Turner
|
0-0: Ball 1-0: Ground out 4-3 (Groundball, 4M, EV 89.4 MPH)
|
|
Batting: RHB Orlando Suarez
|
0-0: Called Strike 0-1: Swinging Strike 0-2: Strikes out swinging
|
|
Batting: LHB Tyler Davis
|
0-0: Called Strike 0-1: Ball 1-1: Called Strike 1-2: Ball 2-2: Foul Ball, location: 2F 2-2: Ground out 4-3 (Groundball, 34D, EV 103.1 MPH)
|
| Bottom of the 2nd over - 1 run, 1 hit, 0 errors, 0 left on base; Houston 0 - Detroit 1 |
| TOP OF THE 3RD |
|
Houston Astros batting - Pitching for Detroit Tigers : LHP Momosuke Sato
|
|
Batting: LHB Jim Keefe
|
0-0: Ball 1-0: Called Strike 1-1: Foul Ball, location: 2F 1-2: Strikes out swinging
|
|
Batting: RHB Chang-wei Jiang
|
0-0: Called Strike 0-1: Foul Ball, location: 2F 0-2: Ground out 4-3 (Groundball, 4D, EV 86.2 MPH)
|
|
Batting: RHB Josh Froyd
|
0-0: Called Strike 0-1: Ball 1-1: Swinging Strike 1-2: Strikes out swinging
|
| Top of the 3rd over - 0 runs, 0 hits, 0 errors, 0 left on base; Houston 0 - Detroit 1 |
| BOTTOM OF THE 3RD |
|
Detroit Tigers batting - Pitching for Houston Astros : LHP Brian Thomas
|
|
Batting: RHB Adrian Novakovic
|
0-0: Ball 1-0: SINGLE (Line Drive, 6D, EV 95.6 MPH)
|
|
Batting: SHB Ross Holland
|
0-0: Called Strike 0-1: Ball 1-1: Ball 2-1: Foul Ball, location: 2F 2-2: Fly out, F8 (Flyball, 8RD, EV 105.0 MPH)
|
|
Batting: RHB Dave Reynolds
|
0-0: Ball 1-0: Foul Ball, location: 2F 1-1: Ball 2-1: Called Strike 2-2: Ball 3-2: SINGLE (Groundball, 34, EV 98.1 MPH) Adrian Novakovic to second Runner from 2nd tries for 3rd, SAFE, throw by RF made to third
|
|
Batting: RHB Jim Zucco
|
0-0: Called Strike 0-1: Ball 1-1: Called Strike Dave Reynolds steals 2nd base 1-2: SINGLE (Groundball, 6MD, EV 105.6 MPH) Adrian Novakovic scores Dave Reynolds to third Runner from 3rd tries for Home, throw by CF and OUT! 8-2
|
|
Batting: RHB Greg Harman
|
0-0: Called Strike 0-1: Foul Ball, location: 2F 0-2: Strikes out swinging
|
| Bottom of the 3rd over - 1 run, 3 hits, 0 errors, 1 left on base; Houston 0 - Detroit 2 |
| TOP OF THE 4TH |
|
Houston Astros batting - Pitching for Detroit Tigers : LHP Momosuke Sato
|
|
Batting: RHB Chris Lane
|
0-0: Fly out, F9 (Flyball, 89M, EV 90.6 MPH)
|
|
Batting: LHB Shigeru Ono
|
0-0: Ball 1-0: Ground out U3 (Groundball, 3, EV 78.1 MPH)
|
|
Batting: RHB Jeremy Trump
|
0-0: Ball 1-0: Foul Ball, location: 2F 1-1: Ball 2-1: Ball 3-1: Foul Ball, location: 2F 3-2: Strikes out swinging
|
| Top of the 4th over - 0 runs, 0 hits, 0 errors, 0 left on base; Houston 0 - Detroit 2 |
| BOTTOM OF THE 4TH |
|
Detroit Tigers batting - Pitching for Houston Astros : LHP Brian Thomas
|
|
Batting: RHB Ryan Neal
|
0-0: Ball 1-0: Swinging Strike 1-1: Ball 2-1: Ball 3-1: Swinging Strike 3-2: Ground out 4-3 (Groundball, 4, EV 85.0 MPH)
|
|
Batting: LHB Brad Turner
|
0-0: Called Strike 0-1: Ball 1-1: Ball 2-1: Foul Ball, location: 2F 2-2: Ball 3-2: Strikes out looking
|
|
Batting: RHB Orlando Suarez
|
0-0: Ball 1-0: Swinging Strike 1-1: Ball 2-1: Ball 3-1: Base on Balls
|
|
Batting: LHB Tyler Davis
|
0-0: Ball 1-0: Ball 2-0: Called Strike 2-1: Ball 3-1: Base on Balls Orlando Suarez to second
|
|
Batting: RHB Adrian Novakovic
|
0-0: Ball 1-0: Fly out, F7 (Line Drive, 7, EV 84.4 MPH)
|
| Bottom of the 4th over - 0 runs, 0 hits, 0 errors, 2 left on base; Houston 0 - Detroit 2 |
| TOP OF THE 5TH |
|
Houston Astros batting - Pitching for Detroit Tigers : LHP Momosuke Sato
|
|
Batting: SHB Joe Gardner
|
0-0: Called Strike 0-1: Ball 1-1: Reached on error, E2 (Groundball, 2R, EV 43.8 MPH)
|
|
Batting: RHB Antonio Aranda
|
0-0: Ground out U3 (Groundball, 3, EV 108.1 MPH) Joe Gardner to third
|
|
Batting: LHB Bryce Hill
|
0-0: Swinging Strike 0-1: Ball 1-1: Called Strike 1-2: DOUBLE (Line Drive, 7LM, EV 107.5 MPH) Joe Gardner scores
|
|
Batting: LHB Jim Keefe
|
0-0: Ball 1-0: Called Strike 1-1: Swinging Strike 1-2: Ground out 5-3 (Groundball, 56, EV 88.8 MPH)
|
|
Batting: RHB Chang-wei Jiang
|
0-0: Ball 1-0: Ball 2-0: Ball 3-0: Foul Ball, location: 2F 3-1: Called Strike 3-2: Strikes out swinging
|
| Top of the 5th over - 1 run, 1 hit, 1 error, 1 left on base; Houston 1 - Detroit 2 |
| BOTTOM OF THE 5TH |
|
Detroit Tigers batting - Pitching for Houston Astros : LHP Brian Thomas
|
|
Batting: SHB Ross Holland
|
0-0: Fly out, F3 (Line Drive, 34, EV 70.6 MPH)
|
|
Batting: RHB Dave Reynolds
|
0-0: Ball 1-0: Called Strike 1-1: Called Strike 1-2: Foul Ball, location: 2F 1-2: SINGLE (Flyball, 78S, EV 101.9 MPH)
|
|
Batting: RHB Jim Zucco
|
0-0: Grounds into double play, 5-4-3 (Groundball, 56, EV 108.1 MPH)
|
| Bottom of the 5th over - 0 runs, 1 hit, 0 errors, 0 left on base; Houston 1 - Detroit 2 |
| TOP OF THE 6TH |
|
Houston Astros batting - Pitching for Detroit Tigers : LHP Momosuke Sato
|
|
Batting: RHB Josh Froyd
|
0-0: Ball 1-0: Called Strike 1-1: SINGLE (Groundball, 4MD, EV 103.8 MPH)
|
|
Batting: RHB Chris Lane
|
0-0: Called Strike 0-1: Grounds into double play, 1-6-3 (Groundball, 13S, EV 68.8 MPH)
|
|
Batting: LHB Shigeru Ono
|
0-0: Swinging Strike 0-1: Ground out 6-3 (Groundball, 6MS, EV 89.4 MPH)
|
| Top of the 6th over - 0 runs, 1 hit, 0 errors, 0 left on base; Houston 1 - Detroit 2 |
| BOTTOM OF THE 6TH |
|
Detroit Tigers batting - Pitching for Houston Astros : LHP Brian Thomas
|
|
Batting: RHB Greg Harman
|
0-0: Swinging Strike 0-1: Called Strike 0-2: Ball 1-2: Strikes out swinging
|
|
Batting: RHB Ryan Neal
|
0-0: Ball 1-0: Ball 2-0: Ball 3-0: Base on Balls
|
|
Batting: LHB Brad Turner
|
0-0: Ball Ryan Neal is caught stealing 2nd base 2-6 1-0: Swinging Strike 1-1: DOUBLE (Line Drive, 78M, EV 113.1 MPH)
|
|
Batting: RHB Orlando Suarez
|
0-0: Swinging Strike 0-1: DOUBLE (Line Drive, 9LM, EV 98.8 MPH) Brad Turner scores
|
|
Batting: LHB Tyler Davis
|
0-0: Ball 1-0: Ball 2-0: Ball 3-0: Called Strike 3-1: Foul Ball, location: 2F 3-2: Fly out, F7 (Flyball, 78M, EV 97.5 MPH)
|
| Bottom of the 6th over - 1 run, 2 hits, 0 errors, 1 left on base; Houston 1 - Detroit 3 |
| TOP OF THE 7TH |
|
Houston Astros batting - Pitching for Detroit Tigers : LHP Momosuke Sato
|
|
Batting: RHB Jeremy Trump
|
0-0: Foul Ball, location: 2F 0-1: SINGLE (Groundball, 5S, EV 66.9 MPH) (infield hit)
|
|
Batting: SHB Joe Gardner
|
0-0: Called Strike 0-1: Foul Ball, location: 2F 0-2: Grounds into double play, 6-4-3 (Groundball, 6, EV 109.4 MPH)
|
|
Batting: RHB Antonio Aranda
|
0-0: Ball 1-0: SINGLE (Line Drive, 4D, EV 103.1 MPH)
|
|
Batting: LHB Bryce Hill
|
0-0: Fly out, F8 (Flyball, 8LM, EV 88.8 MPH)
|
| Top of the 7th over - 0 runs, 2 hits, 0 errors, 1 left on base; Houston 1 - Detroit 3 |
| BOTTOM OF THE 7TH |
|
Detroit Tigers batting - Pitching for Houston Astros : LHP Brian Thomas
|
|
Pitching: LHP Curt Joseph
|
|
|
Batting: RHB Adrian Novakovic
|
0-0: Called Strike 0-1: Foul Ball, location: 2F 0-2: Foul Ball, location: 2F 0-2: Strikes out looking
|
|
Batting: SHB Ross Holland
|
0-0: Called Strike 0-1: Called Strike 0-2: Foul Ball, location: 2F 0-2: Ball 1-2: Ball 2-2: Strikes out looking
|
|
Batting: RHB Dave Reynolds
|
0-0: Ball 1-0: Called Strike 1-1: SINGLE (Flyball, 7LM, EV 91.9 MPH)
|
|
Batting: RHB Jim Zucco
|
0-0: Ball 1-0: Called Strike 1-1: Ball 2-1: Called Strike 2-2: Hit by Pitch Dave Reynolds to second
|
|
Batting: RHB Greg Harman
|
0-0: Ball 1-0: Called Strike 1-1: Called Strike 1-2: Ball 2-2: Ball 3-2: Foul Ball, location: 2F 3-2: Base on Balls Dave Reynolds to third Jim Zucco to second
|
|
Batting: RHB Ryan Neal
|
0-0: Ball 1-0: Foul Ball, location: 2F 1-1: Ground out 6-3 (Groundball, 6S, EV 83.8 MPH)
|
| Bottom of the 7th over - 0 runs, 1 hit, 0 errors, 3 left on base; Houston 1 - Detroit 3 |
| TOP OF THE 8TH |
|
Houston Astros batting - Pitching for Detroit Tigers : LHP Momosuke Sato
|
|
Batting: LHB Jim Keefe
|
0-0: Ball 1-0: Ball 2-0: Ball 3-0: Base on Balls
|
|
Batting: RHB Chang-wei Jiang
|
0-0: Ball 1-0: Called Strike 1-1: Ball 2-1: Swinging Strike 2-2: Fly out, F8 (Flyball, 8LXD, EV 97.5 MPH)
|
|
Batting: RHB Josh Froyd
|
0-0: Ball 1-0: Ball 2-0: Ball 3-0: Called Strike 3-1: Base on Balls Jim Keefe to second
|
|
Batting: RHB Chris Lane
|
0-0: Called Strike 0-1: Called Strike 0-2: Ball 1-2: Ball 2-2: Ball 3-2: Foul Ball, location: 2F 3-2: Base on Balls Jim Keefe to third Josh Froyd to second
|
|
Batting: RHB Matt Thompson
|
0-0: Foul Ball, location: 2F 0-1: Swinging Strike 0-2: Foul Ball, location: 2F 0-2: Ball 1-2: Ball 2-2: Strikes out swinging
|
|
Pitching: RHP Melvin Medellin
|
|
|
Batting: RHB Jeremy Trump
|
0-0: Called Strike 0-1: Foul Ball, location: 2F 0-2: Ball 1-2: Foul Ball, location: 2F 1-2: Strikes out swinging
|
| Top of the 8th over - 0 runs, 0 hits, 0 errors, 3 left on base; Houston 1 - Detroit 3 |
| BOTTOM OF THE 8TH |
|
Detroit Tigers batting - Pitching for Houston Astros : LHP Curt Joseph
|
|
Pitching: RHP Seth Bowersox
|
|
|
Batting: LHB Brad Turner
|
0-0: Foul Ball, location: 2F 0-1: Ball 1-1: Ball 2-1: Foul Ball, location: 2F 2-2: Ball 3-2: Base on Balls
|
|
Batting: RHB Orlando Suarez
|
0-0: Swinging Strike 0-1: Ball 1-1: Grounds into double play, 4-6-3 (Groundball, 4S, EV 83.1 MPH)
|
|
Batting: LHB Tyler Davis
|
0-0: Ball 1-0: Ball 2-0: Called Strike 2-1: Ground out 4-3 (Groundball, 34D, EV 108.8 MPH)
|
| Bottom of the 8th over - 0 runs, 0 hits, 0 errors, 0 left on base; Houston 1 - Detroit 3 |
| TOP OF THE 9TH |
|
Houston Astros batting - Pitching for Detroit Tigers : RHP Melvin Medellin
|
|
Batting: SHB Joe Gardner
|
0-0: Ball 1-0: Called Strike 1-1: Ball 2-1: Ball 3-1: Base on Balls
|
|
Batting: RHB Antonio Aranda
|
0-0: Ball 1-0: SINGLE (Groundball, 56D, EV 102.5 MPH) Joe Gardner to second
|
|
Batting: LHB Bryce Hill
|
0-0: Fly out, F7 (Flyball, 7LM, EV 91.9 MPH)
|
|
Batting: LHB Jim Keefe
|
0-0: Ball 1-0: Ball 2-0: Ball 3-0: Base on Balls Joe Gardner to third Antonio Aranda to second
|
|
Pinch Hitting: LHB Chris Cabrera
|
0-0: Ball 1-0: Ball 2-0: Ball 3-0: Called Strike 3-1: Called Strike 3-2: Foul Ball, location: 2F 3-2: Strikes out swinging
|
|
Batting: RHB Josh Froyd
|
0-0: Called Strike 0-1: Swinging Strike 0-2: Ball 1-2: Foul Ball, location: 2F 1-2: Ball 2-2: Ball 3-2: Strikes out swinging
|
| Top of the 9th over - 0 runs, 1 hit, 0 errors, 3 left on base; Houston 1 - Detroit 3 |
|